 Dungeon Crawl Stone Soup version 0.30-a0-172-gc5509c9e31 (webtiles) character file.

Game seed: 2933015284168322370

266 qw the Chopper (level 6, -11/38 HPs)
             Began as a Gargoyle Fighter on Oct 1, 2022.
             Killed by divine providence
             ... invoked by an orc priest
              (14 damage)
             ... on level 4 of the Dungeon.
             The game lasted 00:01:32 (3077 turns).

qw the Chopper (Gargoyle Fighter)                   Turns: 3077, Time: 00:01:33

Health: -11/38     AC: 14    Str: 21    XL:     6   Next: 20%
Magic:  6/6        EV:  9    Int:  9    God:
Gold:   296        SH:  4    Dex: 12    Spells: 5/5 levels left

rFire   . . .      SeeInvis .    Y - +0 war axe
rCold   + . .      Faith    .    c - +0 buckler
rNeg    + . .      Spirit   .    b - +0 scale mail
rPois   inf        Reflect  .    j - +0 helmet
rElec   +          Harm     .    (no cloak)
rCorr   .          Rampage  .    f - +0 pair of gloves {Dex+3}
Will    .....                    a - +0 pair of boots
Stlth   ..........               (no amulet)
HPRegen 0.26/turn                l - ring of protection from cold
MPRegen 0.10/turn                (no ring)

@: no status effects
A: sickness immunity, AC +4, negative energy resistance 1, electricity
resistance, torment resistance 1, petrification resistance
a: no special abilities


You were on level 4 of the Dungeon.
You visited 1 branch of the dungeon, and saw 4 of its levels.

You collected 296 gold pieces.


Innate Abilities, Weirdness & Mutations

You are immune to sickness and miasma.
Your stone body is resilient. (AC +4)
You are immune to poison.
You resist negative energy. (rN+)
You are resistant to electric shocks. (rElec)
You are resistant to unholy torment.
You are immune to petrification.


   Skills:
 - Level 4.2 Fighting
 + Level 5.0 Axes
 - Level 3.2 Armour
 - Level 1.1 Dodging
 - Level 3.2 Shields


You had 5 spell levels left.
You didn't know any spells.
Your spell library was empty.

Inventory:

Hand Weapons
 o - a +0 flail
 Y - a +0 war axe (weapon)
Armour
 a - a +0 pair of boots (worn)
 b - a +0 scale mail (worn)
 c - a +0 buckler (worn)
 f - a +0 pair of gloves of dexterity (worn)
 j - a +0 helmet (worn)
Jewellery
 l - a ring of protection from cold (left hand)
Potions
 d - 3 potions of might
 e - a potion of degeneration {unknown}
 g - a potion of ambrosia {unknown}
 h - a potion of invisibility {unknown}
 i - a potion of flight {unknown}
 k - a potion of heal wounds {unknown}
 m - 5 potions of curing
 n - a potion of attraction {unknown}
 p - a potion of brilliance {unknown}

Dungeon Overview and Level Annotations

Branches:
Dungeon (4/15)
 Temple: D:4-7

Altars:
Elyvilon
Makhleb
Trog
Vehumet

Shops:
D:1 ((

Annotations:
D:2 1 runed translucent door, Crazy Yiuf
D:4 3 runed translucent doors, qw's ghost, amateur GrFi


Message History

You slash the orc!
You kill the orc!
You barely miss the orc wizard. You hit the orc priest.
The orc wizard hits you but does no damage.
The orc priest misses you.
You closely miss the orc wizard.
The orc wizard is moderately wounded.
You hit the orc priest.
You hit the orc priest but do no damage.
The orc priest hits you with a +0 mace.
The orc wizard hits you but does no damage.
You block the orc priest's attack.
You slash the orc wizard!
The orc wizard is almost dead.
You closely miss the orc priest. x2
The orc priest hits you but does no damage.
The orc priest barely misses you.
The orc wizard gestures at you while chanting.
You resist with some effort.
You hit the orc wizard but do no damage.
The orc wizard is almost dead.
You hit the orc priest. You barely miss the orc priest.
The orc wizard hits you but does no damage.
The orc priest hits you but does no damage. x3
The orc priest barely misses you.
The orc wizard gestures at you while chanting.
The magic dart hits you.
You miss the orc wizard.
The orc wizard is almost dead.
You closely miss the orc priest.
You hit the orc priest but do no damage.
The orc wizard closely misses you. The orc priest closely misses you.
The orc priest hits you with a +0 hand axe.
You barely miss the orc wizard.
The orc wizard is almost dead.
You slash the orc priest! x2
You kill the orc priest!
The orc priest calls down the wrath of Beogh upon you.
Beogh smites you!
You die...

########## #.........
#........[ #......... #
######......... ###
#....#.........
..########.##..oo)....$.
................@##+# +####
..#....#.?..........####.....
...##..#.........#.......#
.........#######.....###.###
....#...###.}.###..........> #
....#...##.....##.......####.#
......#.#.......#.#..........#
#####.#.#.......#.#..#..#.####
....#.......#.####....#


You could see an orc priest and an orc wizard.

Vanquished Creatures
  A hound (D:4)
  An orc priest (D:4)
  Ijyb (D:3)
  2 iguanas
  Robin (D:2)
  4 adders
  A worm (D:2)
  4 dart slugs
  7 orcs
  6 bats
  6 endoplasms
  3 giant cockroaches
  17 goblins
  10 hobgoblins
  4 jackals
  7 kobolds
  7 quokkas
  7 ball pythons
  3 frilled lizards
  4 rats
96 creatures vanquished.

Notes
Turn   | Place    | Note
-------+----------+-------------------------------------------
     0 | D:1      | qw the Gargoyle Fighter began the quest for the Orb.
     0 | D:1      | Reached XP level 1. HP: 14/14 MP: 1/1
     0 | D:1      | 0 ||| qw: Version: 0.2-a-13-gfc7b4b4
     0 | D:1      | 0 ||| qw: Game counter: 1822
     0 | D:1      | 0 ||| qw: Always use a shield: true
     0 | D:1      | 0 ||| qw: God list: Okawaru
     0 | D:1      | 0 ||| qw: Allow faded altars: false
     0 | D:1      | 0 ||| qw: Do Orc after D:15 true
     0 | D:1      | 0 ||| qw: Do second Lair branch before Depths: true
     0 | D:1      | 0 ||| qw: Lair rune preference: random
     0 | D:1      | 0 ||| qw: Plans: Normal, Zot:1-4, God:TSO, Crypt, Tomb,
                  | Pan, Slime:5, Hells, Abyss, Orb
     0 | D:1      | 0 ||| PLANNING D:1-11
   120 | D:1      | Reached skill level 2 in Axes
   123 | D:1      | 123 ||| Stepping ~*~*~tactically~*~*~ (stealth).
   230 | D:1      | Found Saitryl's Antique Weapon Emporium.
   257 | D:1      | 257 ||| SHOPLISTING club (30 gold, have 21).
   257 | D:1      | 257 ||| SHOPLISTING mace (90 gold, have 21).
   295 | D:1      | Reached XP level 2. HP: 19/19 MP: 2/2
   322 | D:1      | Found a faded altar of an unknown god.
   433 | D:1      | Found Maur's Antique Weapon Shoppe.
   440 | D:1      | 440 ||| SHOPLISTING flail (84 gold, have 21).
   440 | D:1      | 440 ||| SHOPLISTING glowing flail (156 gold, have 21).
   440 | D:1      | 440 ||| SHOPLISTING glowing morningstar (168 gold, have
                  | 21).
   440 | D:1      | 440 ||| SHOPLISTING mace (72 gold, have 21).
   440 | D:1      | 440 ||| SHOPLISTING whip (60 gold, have 21).
   454 | D:1      | 454 ||| Stepping ~*~*~tactically~*~*~ (stealth).
   455 | D:1      | 455 ||| Stepping ~*~*~tactically~*~*~ (stealth).
   539 | D:1      | Reached skill level 3 in Axes
   693 | D:1      | Reached XP level 3. HP: 23/23 MP: 3/3
   878 | D:1      | 878 ||| UPGRADING to ring of protection from cold.
   879 | D:1      | 879 ||| READING scroll labelled KENUAGA DEETOTAE.
   880 | D:1      | 880 ||| READING scroll labelled MIMALI IMPUPPUBLU.
   881 | D:1      | 881 ||| READING scroll labelled MOZITW PAWO.
   882 | D:1      | 882 ||| READING scroll labelled ZICKISKAUDU.
   883 | D:1      | 883 ||| DRINKING 3 glowing amethyst potions.
   940 | D:2      | 940 ||| STAIRDANCE
   949 | D:2      | 949 ||| STAIRDANCE
  1065 | D:2      | 1065 ||| Stepping ~*~*~tactically~*~*~ (stealth).
  1073 | D:2      | Noticed Robin
  1074 | D:2      | 1074 ||| Stepping ~*~*~tactically~*~*~ (hiding).
  1083 | D:2      | Killed Robin
  1084 | D:2      | Reached XP level 4. HP: 28/28 MP: 4/4
  1092 | D:2      | Reached skill level 4 in Axes
  1132 | D:2      | 1132 ||| DROPPING +0 club.
  1457 | D:2      | Found a runed translucent door.
  1458 | D:2      | Noticed Crazy Yiuf
  1587 | D:2      | 1587 ||| UPGRADING to +0 pair of boots.
  1592 | D:2      | 1592 ||| UPGRADING to +0 helmet.
  1597 | D:2      | 1597 ||| READING scroll labelled BEIGAS USADOUQ.
  1663 | D:2      | 1663 ||| READING scroll labelled LOLURU ENWAS.
  1664 | D:2      | 1664 ||| READING scroll labelled FAUZUUTHRAANI.
  1683 | D:2      | 1683 ||| READING scroll labelled SEPHOFFASK.
  1683 | D:2      | Identified a scroll of acquirement
  1683 | D:2      | 1683 ||| ACQUIRING +0 pair of gloves of dexterity
  1683 | D:2      | Acquired a +0 pair of gloves of dexterity
  1685 | D:2      | 1685 ||| UPGRADING to +0 pair of gloves of dexterity.
  1953 | D:3      | Reached skill level 1 in Dodging
  1953 | D:3      | Reached XP level 5. HP: 32/32 MP: 5/5
  1955 | D:3      | 1955 ||| DROPPING +0 whip.
  2034 | D:3      | 2034 ||| Stepping ~*~*~tactically~*~*~ (stealth).
  2037 | D:3      | 2037 ||| Stepping ~*~*~tactically~*~*~ (stealth).
  2040 | D:3      | 2040 ||| Stepping ~*~*~tactically~*~*~ (stealth).
  2042 | D:3      | 2042 ||| Stepping ~*~*~tactically~*~*~ (stealth).
  2044 | D:3      | 2044 ||| Stepping ~*~*~tactically~*~*~ (stealth).
  2092 | D:3      | Noticed Ijyb
  2093 | D:3      | 2093 ||| Stepping ~*~*~tactically~*~*~ (hiding).
  2110 | D:3      | Killed Ijyb
  2403 | D:3      | Reached skill level 5 in Axes
  2531 | D:3      | Found a radiant altar of Vehumet.
  2531 | D:3      | Found a burning altar of Makhleb.
  2543 | D:3      | Found a faded altar of an unknown god.
  2545 | D:3      | Found a white marble altar of Elyvilon.
  2547 | D:3      | Found a bloodstained altar of Trog.
  2804 | D:4      | Found a runed translucent gate.
  2804 | D:4      | Found a runed translucent gate.
  2804 | D:4      | Found a runed translucent gate.
  2806 | D:4      | 2806 ||| Stepping ~*~*~tactically~*~*~ (stealth).
  2807 | D:4      | 2807 ||| Stepping ~*~*~tactically~*~*~ (stealth).
  2845 | D:4      | Reached XP level 6. HP: 38/38 MP: 6/6
  2853 | D:4      | Noticed qw's ghost (amateur GrFi)
  2898 | D:4      | 2898 ||| READING scroll of teleportation.
  2970 | D:4      | 2970 ||| Stepping ~*~*~tactically~*~*~ (stealth).
  2985 | D:4      | 2985 ||| Stepping ~*~*~tactically~*~*~ (stealth).
  3059 | D:4      | 3059 ||| Stepping ~*~*~tactically~*~*~ (hiding).
  3075 | D:4      | HP: 8/38 [orc wizard/magic dart (6)]
  3076 | D:4      | HP: 3/38 [orc priest/+0 hand axe (5)]
  3077 | D:4      | Killed from afar by an orc priest

Levels and vault maps discovered:
D:1:      kilobyte_arrival_exit_the_forest, layout_basic,
          chequers_ecumenical_altar_twisty, serial_shops, nicolae_shop_stone,
          nicolae_diamond_shop
D:2:      layout_rooms, uniq_crazy_yiuf_cottage, uniq_robin
D:3:      wad_river_or_something, layout_basic,
          chequers_temple_overflow_minitemple, eino_tiny_chamber, uniq_ijyb
D:4:      cheibrodos_pilgrimage, layout_basic, gammafunk_ghost_icy

Skill      XL: |  1  2  3  4  5  6 |
---------------+-------------------+-----
Axes           | 2 3 4 5 |  5.0
Dodging        | 1 |  1.1
Fighting       | 4 |  4.2
Armour         | |  3.2
Shields        | |  3.2

Action                   |  1- 3 |  4- 6 || total
-------------------------+-------+-------++-------
Melee: War axe           |   114 |   186 ||   300
  Use: Scroll            |     4 |     5 ||     9
       Potion            |     1 |       ||     1
Armor: Scale mail        |    78 |   101 ||   179
Dodge: Dodged            |    68 |    81 ||   149
Block: Buckler           |    28 |    42 ||    70

Table legend:
 A = Non-vault XP
 B = Vault XP
 C = Vault XP percentage of total XP
 D = Non-vault monster count
 E = Vault monster count
 F = Vault count percentage of total count
                 A         B        C        D         E       F
            +---------+---------+-------+---------+---------+-------
      Total |     283 |     139 |  32.9 |      72 |      24 |  25.0
            +---------+---------+-------+---------+---------+-------
        D:1 |      52 |       0 |   0.0 |      25 |       0 |   0.0
        D:2 |      46 |      37 |  44.6 |      17 |      12 |  41.4
        D:3 |      50 |      96 |  65.8 |      19 |      10 |  34.5
        D:4 |     135 |       6 |   4.3 |      11 |       2 |  15.4
            +---------+---------+-------+---------+---------+-------
